 Dungeon Crawl Stone Soup version 0.25-a0-589-g1e14c549ee (webtiles) character file.

Game seed: 17931065109440017772, levelgen mode: deterministic

878 Lentor the Chopper (level 7, -1/57 HPs)
             Began as a Demonspawn Fighter on Mar 9, 2020.
             Was an Initiate of Qazlal.
             Splashed by a centaur's acid (10 damage)
             ... on level 6 of the Dungeon.
             The game lasted 00:14:06 (4507 turns).

Lentor the Chopper (Demonspawn Fighter)             Turns: 4507, Time: 00:14:08

Health: -1/57      AC: 10    Str: 19    XL:     7   Next: 75%
Magic:  7/7        EV:  3    Int:  9    God:    Qazlal [......]
Gold:   187        SH:  8    Dex: 12    Spells: 6/6 levels left

rFire    . . .     SeeInvis .   a - +0 war axe
rCold    . . .     Gourm    .   c - +0 kite shield
rNeg     + . .     Faith    .   y - +0 plate armour
rPois    .         Spirit   .   (no helmet)
rElec    .         Reflect  .   (no cloak)
rCorr    .         Harm     .   (no gloves)
MR       +....                  v - +0 pair of boots
Stlth    ..........             (no amulet)
HPRegen  0.19/turn              b - ring of positive energy
MPRegen  0.10/turn              j - ring of protection from magic

@: corroded, drained
A: talons 1, iridescent scales 1, powered by death 3
a: Renounce Religion


You were on level 6 of the Dungeon.
You worshipped Qazlal.
Qazlal was noncommittal.
You were not hungry.

You visited 2 branches of the dungeon, and saw 7 of its levels.

You collected 187 gold pieces.

Inventory:

Hand Weapons
 a - a +0 war axe (weapon)
Missiles
 n - 34 poisoned darts (quivered)
Armour
 c - a +0 kite shield (worn)
 v - a +0 pair of boots (worn)
 y - a +0 plate armour (worn)
Jewellery
 b - a ring of positive energy (left hand)
 j - a ring of protection from magic (right hand)
 l - an uncursed ring of protection from cold
Wands
 w - a wand of clouds (3)
Scrolls
 g - a scroll of fear
 h - a scroll of remove curse
 p - 3 scrolls of amnesia {unknown}
 q - a scroll of enchant armour {unknown}
 r - a scroll of enchant weapon {unknown}
 u - 4 scrolls of teleportation {unknown}
 B - 3 scrolls of identify {unknown}
Potions
 d - a potion of might
 e - a potion of berserk rage {unknown}
 i - 3 potions of brilliance {unknown}
 k - 2 potions of lignification {unknown}
 m - 3 potions of stabbing {unknown}
 o - a potion of haste {unknown}
 s - a potion of mutation {unknown}
 t - a potion of magic {unknown}
 x - a potion of curing {unknown}
 z - a potion of flight {unknown}
 A - a potion of resistance {unknown}
Comestibles
 f - 8 rations
 C - a chunk of flesh


   Skills:
 + Level 5.8(5.1) Fighting
 * Level 6.8(6.0) Axes
 - Level 2.7(2.0) Armour
 - Level 2.7(2.0) Shields


You had 6 spell levels left.
You didn't know any spells.
Your spell library was empty.

Dungeon Overview and Level Annotations

Branches:
Dungeon (6/15)             Temple (1/1) D:4

Altars:
Ashenzari
Cheibriados
Elyvilon
Fedhas
Gozag
Nemelex Xobeh
Qazlal
Sif Muna
Trog
Vehumet
Xom
Yredelemnul
Zin
The Shining One

Shops:
D:4 %


Innate Abilities, Weirdness & Mutations

You have sharp toenails.
You are partially covered in iridescent scales. (AC +2)
You regenerate a lot of health from kills.


Message History

Your plate armour prevents you from hitting the centaur.
You slash the centaur!
The centaur zaps a wand.
The bolt of acid hits you.
You are splashed with acid!
The centaur hits you. x2
The centaur hits you but does no damage. x2
You block the centaur's attack. You block the orc's attack.
You slash the centaur!
The centaur is severely wounded.
Your shield and plate armour prevent you from hitting the centaur.
You closely miss the orc. You hit the centaur.
The centaur hits you but does no damage.
The centaur hits you. The centaur barely misses you. The centaur hits you.
You block the centaur's attack. You block the orc's attack.
Your shield prevents you from hitting the centaur.
The centaur is severely wounded.
You closely miss the centaur. You hit the orc. You hit the centaur.
The centaur hits you but does no damage.
The centaur zaps a wand.
The bolt of acid hits you!
* * * LOW HITPOINT WARNING * * *
The acid corrodes you!
You are splashed with acid!
You die...

........####.#
#....%....#..#.
#.......>......
...............
.............
...........#
.........$#
......%@c#
......occ.....#
...............
.#........##.##
#.......## .#
#........# .
..........
(........#


You could see 3 centaurs and an orc.

Vanquished Creatures
  A phantom (D:4)
  A bullfrog (D:5)
  3 scorpions (D:4)
  A crimson imp (D:5)
  A centaur zombie (D:5)
  4 orc wizards
  2 orc priests
  5 worker ants
  A howler monkey zombie (D:2)
  8 adders
  An ooze (D:1)
  3 worms (D:3)
  4 dart slugs
  10 leopard geckos
  7 orcs
  A ball python (D:3)
  9 giant cockroaches
  8 goblins
  8 hobgoblins
  6 jackals
  12 kobolds
  5 quokkas
  4 bats
  3 frilled lizards
  4 rats
  A spectral orc (D:3)
113 creatures vanquished.

Notes
Turn   | Place    | Note
-------+----------+-------------------------------------------
     0 | D:1      | Lentor the Demonspawn Fighter began the quest for the Orb.
     0 | D:1      | Reached XP level 1. HP: 18/18 MP: 1/1
   250 | D:1      | Reached skill level 2 in Axes
   253 | D:1      | Gained mutation: You regenerate a little health from kills.
                  | [demonic ancestry]
   253 | D:1      | Reached XP level 2. HP: 19/24 MP: 2/2
   576 | D:1      | Gained mutation: You have sharp toenails. [demonic
                  | ancestry]
   576 | D:1      | Reached XP level 3. HP: 28/29 MP: 3/3
  1136 | D:2      | Reached skill level 3 in Axes
  1514 | D:2      | Gained mutation: You are partially covered in iridescent
                  | scales. (AC +2) [demonic ancestry]
  1514 | D:2      | Reached XP level 4. HP: 33/37 MP: 4/4
  2173 | D:3      | Reached XP level 5. HP: 33/42 MP: 5/5
  2184 | D:3      | Reached skill level 4 in Axes
  2657 | D:3      | Found a basalt altar of Yredelemnul.
  2657 | D:3      | You fall into a shaft and drop 2 floors!
  2657 | D:5      | Entered Level 5 of the Dungeon
  2937 | D:4      | Found a stormy altar of Qazlal.
  2946 | D:4      | Became a worshipper of Qazlal Stormbringer
  3018 | D:4      | Found Gaezus's Food Shop.
  3061 | D:4      | Found a staircase to the Ecumenical Temple.
  3072 | D:4      | Noticed a phantom
  3147 | D:4      | Killed a phantom
  3147 | D:4      | Reached skill level 5 in Axes
  3147 | D:4      | Gained mutation: You regenerate health from kills. [demonic
                  | ancestry]
  3147 | D:4      | Reached XP level 6. HP: 30/49 MP: 6/6
  3149 | Temple   | Entered the Ecumenical Temple
  3347 | D:4      | Reached skill level 5 in Fighting
  3370 | D:4      | Gained mutation: You regenerate a lot of health from kills.
                  | [demonic ancestry]
  3370 | D:4      | Reached XP level 7. HP: 42/56 MP: 7/7
  3501 | D:4      | Found a radiant altar of Vehumet.
  3603 | D:4      | Reached skill level 6 in Axes
  3684 | D:4      | Found a bloodstained altar of Trog.
  4507 | D:6      | Splashed by a centaur's acid

Levels and vault maps discovered:
D:1:      mrwooster_arrival_statue_3, layout_loops_corners
D:2:      layout_basic, serial_glass, glass_columns_b, glass_columns_c
D:3:      layout_loops_ring, yredelemnul_forgotten_temple_becter
D:4:      minmay_spotlight, layout_rooms, marbit_many_paths,
          lightli_temple_of_fire, nicolae_overflow_crystal_walls,
          minmay_temple_entry_stoned_glass, serial_shops, shop
D:5:      layout_basic, first_ration, minmay_fountain_box
D:6:      layout_cave_pools, lemuel_zombie_altar_kikubaaqudgha,
          ebering_ghost_sewer_d, basic_altar, minmay_manual_mares
Temple:   zaba_magenta_temple

Skill      XL: |  1  2  3  4  5  6  7 |
---------------+----------------------+-----
Axes           | 2 3 5 6 |  6.8
Fighting       | 4 5 |  5.8
Armour         | |  2.7
Shields        | |  2.7

Action                   |  1- 3 |  4- 6 |  7- 9 || total
-------------------------+-------+-------+-------++-------
Melee: War axe           |   118 |   187 |   122 ||   427
       Kick              |     9 |    26 |       ||    35
  Use: Scroll            |       |     4 |       ||     4
  Eat: Chunk             |       |     7 |     5 ||    12
Armor: Scale mail        |    38 |       |       ||    38
       Chain mail        |    21 |   102 |     5 ||   128
       Plate armour      |       |       |    92 ||    92
Dodge: Dodged            |    21 |    32 |    17 ||    70
Block: Kite shield       |    74 |    86 |    65 ||   225

Table legend:
 A = Non-vault XP
 B = Vault XP
 C = Vault XP percentage of total XP
 D = Non-vault monster count
 E = Vault monster count
 F = Vault count percentage of total count
                 A         B        C        D         E       F
            +---------+---------+-------+---------+---------+-------
      Total |    1109 |     146 |  11.6 |     108 |       5 |   4.4
            +---------+---------+-------+---------+---------+-------
        D:1 |      57 |       0 |   0.0 |      27 |       0 |   0.0
        D:2 |      87 |       0 |   0.0 |      16 |       0 |   0.0
        D:3 |     136 |       1 |   0.7 |      31 |       1 |   3.1
        D:4 |     448 |     145 |  24.5 |      15 |       4 |  21.1
        D:5 |     378 |       0 |   0.0 |      18 |       0 |   0.0
        D:6 |       3 |       0 |   0.0 |       1 |       0 |   0.0
            +---------+---------+-------+---------+---------+-------
